 Dungeon Crawl Stone Soup version 0.19.5 (webtiles) character file.

100 Chaoticas the Magician (level 4, -2/27 HPs)
             Began as a Gargoyle Wizard on Apr 15, 2017.
             Killed by divine providence
             ... invoked by an orc priest
              (15 damage)
             ... on level 3 of the Dungeon.
             The game lasted 00:20:08 (3372 turns).

Chaoticas the Magician (Gargoyle Wizard)            Turns: 3372, Time: 00:20:08

Health: -2/27      AC:  8    Str: 10    XL:     4   Next: 74%
Magic:  0/9        EV: 12    Int: 20    God:
Gold:   238        SH:  0    Dex:  8    Spells: 4 memorised, 1 level left

rFire  . . .     SeeInvis .     g - +0 short sword
rCold  . . .     Gourm    .     a - +0 robe
rNeg   + . .     Faith    .     (no shield)
rPois  ∞         Spirit   .     h - +2 hat
rElec  +         Reflect  .     (no cloak)
rCorr  .         Harm     .     n - +0 pair of gloves
MR     .....                    (no boots)
Stlth  +++.......               k - amulet of inaccuracy (curse)
                                (no ring)
                                o - ring of stealth

@: no status effects
A: negative energy resistance 1, electricity resistance, unbreathing,
petrification resistance, rot immunity, AC +3
a: no special abilities


You were on level 3 of the Dungeon.
You were not hungry.

You visited 1 branch of the dungeon, and saw 4 of its levels.

You collected 238 gold pieces.

Inventory:

Hand Weapons
 g - a +0 short sword (weapon)
 m - a +3 antimagic spear
Armour
 a - a +0 robe (worn)
 b - a +0 hat
 h - a +2 hat (worn)
 n - a +0 pair of gloves (worn)
 r - a cursed +0 ring mail
 u - a +4 chain mail
 v - +0 swamp dragon scales
Jewellery
 k - a cursed amulet of inaccuracy (around neck)
 o - a ring of stealth (left hand)
Scrolls
 j - 2 scrolls of teleportation
 s - 3 scrolls of magic mapping
Potions
 e - a potion of cancellation {unknown}
 f - 3 potions of agility {unknown}
 i - 3 potions of flight {unknown}
 l - 2 potions of degeneration {unknown}
 q - a potion of invisibility {unknown}
 t - a potion of beneficial mutation {unknown}
Books
 c - a book of Minor Magic

   Spells                             Type                      Level
   a - Magic Dart                     Conjuration                  1
   b - Blink                          Translocation                2
   c - Call Imp                       Summoning                    2
   d - Repel Missiles                 Charms/Air                   2
   e - Slow                           Hexes                        2
   f - Conjure Flame                  Conjuration/Fire             3
   g - Mephitic Cloud                 Conjuration/Poison/Air       3
Comestibles
 d - 3 bread rations
 p - 9 chunks of flesh


   Skills:
 - Level 2.5 Fighting
 - Level 1.5 Dodging
 - Level 2.1 Stealth
 - Level 3.5 Spellcasting
 * Level 2.5 Conjurations
   Level 0.8 Summonings
   Level 0.8 Translocations
 * Level 0.2 Air Magic
 * Level 1.1 Poison Magic


You had one spell level left.
You knew the following spells:

 Your Spells              Type           Power        Failure   Level  Hunger
a - Magic Dart            Conj           ##..         6%          1    None
b - Mephitic Cloud        Conj/Pois/Air  #.......     24%         3    ###....
c - Repel Missiles        Chrm/Air       #.....       21%         2    ##.....
d - Conjure Flame         Conj/Fire      #.......     24%         3    ###....


Dungeon Overview and Level Annotations

Branches:
Dungeon (4/15)
 Temple: D:4-7

Altars:

Annotations:
D:2 Terence
D:4 miculber's ghost, amateur VSSk


Innate Abilities, Weirdness & Mutations

You are resistant to torment.
Your stone body is resilient. (AC +3)
You are immune to poison.
You resist negative energy. (rN+)
You are resistant to electric shocks. (rElec)
You can survive without breathing.
You are immune to petrification.
You are immune to rotting.


Message History

Aiming: Mephitic Cloud
Press: ? - help, Shift-Dir - straight line The ball explodes into a vile cloud!
The stinking cloud engulfs the orc.
The stinking cloud engulfs you!
You hear a shout!
The orc is engulfed in noxious fumes.
The orc appears confused.
An orc comes into view. It is wielding a trident.
You hit the orc.
The orc is severely wounded.
The orc is engulfed in noxious fumes.
The orc appears confused.
You kill the orc!
The orc priest calls down the wrath of Beogh upon you.
Beogh smites you!
Some of the chunks of flesh in your inventory have rotted away.
The orc wizard is engulfed in noxious fumes.
The orc wizard appears confused.
The orc priest mumbles some strange prayers to Beogh against you.
Beogh smites you!
Ouch! That really hurt!
You die...

#.#.....#......
#.##...#.#...##...
#.####.#.##.##....
##.####.#.##.#.(..)
..........##.......
##.####...........) #.#
#..####...... ##.# #..#
##..... #.@# #..# ##...#
#.## #..#######.## #o#
#..........# #§#
#.#######..# #o# #.#
#..# o..####)#####.#
###..##
#.o...o..(...#####......
###########.?......#.#.#
#######.......


You could see an orc priest, an orc wizard (confused) and an orc.

Vanquished Creatures
  3 adders
  An ooze (D:2)
  5 dart slugs
  3 leopard geckos
  8 orcs (D:3)
  A giant cockroach (D:1)
  3 goblins
  5 hobgoblins
  6 jackals (D:1)
  2 kobolds (D:1)
  2 quokkas
  2 ball pythons
  2 frilled lizards
  4 rats
47 creatures vanquished.

Notes
Turn   | Place    | Note
-------+----------+-------------------------------------------
     0 | D:1      | Chaoticas the Gargoyle Wizard began the quest for the Orb.
     0 | D:1      | Reached XP level 1. HP: 10/10 MP: 4/4
   152 | D:1      | Reached skill level 1 in Fighting
   330 | D:1      | Reached XP level 2. HP: 16/16 MP: 3/6
  1220 | D:1      | Reached XP level 3. HP: 17/21 MP: 3/7
  1230 | D:1      | Learned a level 3 spell: Mephitic Cloud
  1233 | D:1      | Learned a level 2 spell: Repel Missiles
  2222 | D:2      | Reached XP level 4. HP: 20/27 MP: 4/9
  2269 | D:2      | Noticed Terence
  2780 | D:3      | Learned a level 3 spell: Conjure Flame
  3314 | D:4      | Noticed miculber's ghost (amateur VSSk)
  3350 | D:3      | Reached skill level 1 in Poison Magic
  3372 | D:3      | Killed from afar by an orc priest

Skill      XL: |  1  2  3  4 |
---------------+-------------+-----
Fighting       | 1 2 |  2.5
Conjurations   | 2 |  2.5
Poison Magic   | 1 |  1.1
Dodging        | |  1.5
Stealth        | |  2.1
Spellcasting   | |  3.5
Summonings     | |  0.8
Translocations | |  0.8
Air Magic      | |  0.2

Action                   |  1- 3 |  4- 6 || total
-------------------------+-------+-------++-------
Melee: Short sword       |    99 |   122 ||   221
 Cast: Magic Dart        |    42 |     6 ||    48
       Mephitic Cloud    |       |     3 ||     3
       Conjure Flame     |       |     2 ||     2
  Use: Scroll            |     4 |     2 ||     6
 Stab: Sleeping          |     1 |     2 ||     3
       Confused          |       |     4 ||     4
  Eat: Chunk             |     4 |     4 ||     8
Armor: Robe              |    28 |    48 ||    76
Dodge: Dodged            |    85 |    68 ||   153
